[Event "Italian-ch Women 2022"]
[Site "Cagliari"]
[Date "2022.11.19"]
[Round "3.2"]
[White "Raccanello, Marianna"]
[Black "Gabbani, Sara"]
[Result "0-1"]
[ECO "B36"]
[WhiteElo "2062"]
[BlackElo "1844"]
[Annotator "TA"]
[PlyCount "112"]
[EventDate "2022.11.17"]
[EventType "tourn"]
[EventCountry "ITA"]
[SourceTitle "playchess.com"]
[Source "ChessBase"]
[SourceQuality "1"]
[TimeControl "40/6000+30:20/3000:900+30"]

1. e4 c5 2. Nf3 Nc6 3. d4 cxd4 4. Nxd4 g6 5. c4 Nf6 6. Nc3 Nxd4 7. Qxd4 d6 8. Be2 Bg7 9. Be3 O-O 10. Qd2 a5 {[%emt 0:00:30] B36: Sicilian: Maroczy Bind: Gurgenidze System.} 11. O-O a4 12. Bd4 {[%emt 0:00:23] is recently more successful than 12.f3.} Qa5 {[%emt 0:01:11] White is slightly better.} 13. Qe3 Be6 14. Nb5 {[%emt 0:12:34][%cal Ob2b4] [#]} Nd7 $146 ({Predecessor:} 14... Bd7 15. b4 axb3 16. axb3 Qb4 17. e5 Nd5 18. cxd5 Rxa1 19. Rxa1 Bxb5 20. Bxb5 Qxb5 21. exd6 Bxd4 22. Qxd4 exd6 {½-½ (31) Fridman,D (2630)-Parligras,M (2611) Dresden 2008}) 15. f4 {[%emt 0:05:13] [#] f5 is the strong threat.} Bxd4 16. Nxd4 {[%emt 0:12:49] Strongly threatening f5.} Nf6 17. Nxe6 fxe6 18. Rad1 e5 19. f5 Qc5 20. Qxc5 dxc5 21. fxg6 hxg6 22. Bf3 Rfd8 23. Rfe1 Rd4 24. Rxd4 cxd4 $15 {[%emt 0:00:47][%mdl 4096] Endgame KRB-KRN} 25. Bd1 Nd7 26. Kf2 Nc5 27. Bc2 {[%emt 0:03:49] Against Nd3+} Rd8 28. Rd1 Kg7 29. Ke2 {[%emt 0:00:08] Against d3+} Rh8 30. h3 Rh4 31. Re1 Kf6 {[%emt 0:03:29] Black is more active.} 32. Kd2 (32. Rf1+ $17 Ke6 33. Rf3) 32... Rf4 {[%emt 0:01:16] aiming for ...Kg5.} 33. Re2 $2 {[%emt 0:00:29] This costs White the game.} (33. b4 $17 {was necessary.} axb3 34. axb3) 33... Kg5 $19 34. b4 axb3 $1 35. axb3 Kh4 36. b4 {[%emt 0:04:11] [#]} Na6 37. b5 (37. Ke1 $142 Nxb4 38. Bb1) 37... Nc5 38. Bb1 Kg3 39. Ke1 Na4 40. Bc2 Nb2 41. c5 Rf8 42. c6 $2 (42. Rd2 Nc4 43. Rd3+ Ne3 44. Bb3) 42... bxc6 (42... d3 $2 43. Re3+ Kh2 44. Bxd3 $18) 43. bxc6 Rc8 44. Bb3 Nd3+ 45. Kd2 Nf4 46. Re1 Rxc6 47. Ra1 Nxg2 48. Ra7 e6 49. Rg7 Nf4 50. Ba4 Ra6 51. Be8 Ra2+ 52. Kd1 Kf3 53. Bc6 Ke3 {[%emt 0:00:08] ( -> ...Nd3)} 54. Rb7 d3 {[%emt 0:00:16] Black mates.} 55. Rb1 Rd2+ 56. Ke1 Rh2 {[%emt 0:00:00] Weighted Error Value: White=0.64/Black=0.08 (flawless)} 0-1

[Event "Italian-ch Women 2022"]
[Site "Cagliari"]
[Date "2022.11.19"]
[Round "3.3"]
[White "Sedina, Elena"]
[Black "Brunello, Marina"]
[Result "0-1"]
[ECO "B51"]
[WhiteElo "2197"]
[BlackElo "2337"]
[Annotator "TA"]
[PlyCount "67"]
[EventDate "2022.11.17"]
[EventType "tourn"]
[EventCountry "ITA"]
[SourceTitle "playchess.com"]
[Source "ChessBase"]
[SourceQuality "1"]
[TimeControl "40/6000+30:20/3000:900+30"]

1. e4 c5 2. Nf3 d6 3. Bb5+ Nd7 4. d4 cxd4 5. Qxd4 a6 6. Bxd7+ Bxd7 7. c4 {[%emt 0:00:43] B51: Sicilian: Moscow Variation (3 Bb5+) without 3...Bd7.} Nf6 8. Bg5 e6 9. Nc3 h6 10. Bh4 Be7 11. O-O O-O (11... Rc8 {is more complex.} 12. e5 dxe5 13. Nxe5 Bc6) 12. Rfd1 Bc6 13. Qd3 Rc8 14. Nd4 Qa5 15. Rac1 Rfd8 16. b3 Qh5 17. Bg3 {[%emt 0:00:09] [#]} Qa5 $146 ({Predecessor:} 17... Qg5 18. Nxc6 Rxc6 19. f4 Qa5 20. Qf3 Qh5 21. Bf2 {½-½ (21) Bao,Q (2253)-Xu,Y (2454) Zhongshan 2015}) 18. Bh4 Qh5 19. Bg3 Qg6 20. Nxc6 Rxc6 21. a4 Nd7 22. Qe2 Ne5 23. f4 Ng4 24. h3 Nf6 25. Bh4 Re8 26. Bxf6 (26. e5 {is interesting.} dxe5 27. fxe5 Bc5+ 28. Kh2) 26... Qxf6 27. Qf3 Bd8 28. Rd3 Bb6+ 29. Kh1 Bc5 30. Rcd1 Rcc8 31. Ne2 Rb8 32. Rb1 b5 33. cxb5 axb5 34. axb5 {[%emt 0:00:00][%mdl 32768] Weighted Error Value: White=0.06 (flawless) /Black=0.06 (flawless) . Loss on time!?} 0-1

[Event "Italian-ch Women 2022"]
[Site "Cagliari"]
[Date "2022.11.19"]
[Round "3.4"]
[White "Maione, Melissa"]
[Black "Cassi, Elisa"]
[Result "1-0"]
[ECO "C92"]
[WhiteElo "1928"]
[BlackElo "1995"]
[Annotator "TA"]
[PlyCount "63"]
[EventDate "2022.11.17"]
[EventType "tourn"]
[EventCountry "ITA"]
[SourceTitle "playchess.com"]
[Source "ChessBase"]
[SourceQuality "1"]
[TimeControl "40/6000+30:20/3000:900+30"]

1. e4 e5 2. Nf3 Nc6 3. Bb5 a6 4. Ba4 Nf6 5. O-O Be7 6. Re1 b5 7. Bb3 d6 8. c3 O-O 9. h3 a5 10. d4 Bd7 11. a4 {[%emt 0:04:41] [#] C92: Closed Ruy Lopez: 9...Be6, Karpov and Flohr-Zaitsev Variations.} bxa4 $146 ({Predecessor:} 11... b4 12. Nbd2 bxc3 13. bxc3 exd4 14. Nxd4 Qc8 15. Nc4 Nxd4 16. cxd4 d5 17. exd5 Nxd5 18. Nb6 cxb6 19. Bxd5 {½-½ (36) Palacio,E (1959)-Diaz Hollemaert,N (2435) Montevideo 2022}) 12. Bxa4 exd4 13. cxd4 {[%emt 0:07:23] White is slightly better.} Nb4 14. Nc3 Bxa4 15. Rxa4 Nd7 16. Bf4 Re8 17. Qe2 c5 18. Nb5 Qb6 19. Rea1 cxd4 20. Nfxd4 {[%emt 0:02:08] aiming for Nf5.} Bf6 {[%emt 0:04:00] [#]} (20... Nc5 $11 {keeps the balance.}) 21. Nf5 $1 $16 d5 {[%emt 0:00:30][%mdl 8192] A mistake that costs the game.} (21... Be5 $16 {was necessary.}) 22. Nc7 Rxe4 23. Nxa8 {[%emt 0:00:30] Dancing on a razor blade.} Qc6 (23... Rxe2 24. Nxb6 Nxb6) (23... Rxe2 24. Nxb6 Nxb6) 24. Qd2 $18 Nc5 25. R4a3 ({Weaker is} 25. Rxa5 Nb3 $14) 25... Ne6 26. Bd6 Qxa8 27. Rxa5 Qb7 28. Bxb4 (28. Ra8+ $142 Bd8 29. Rb8) 28... Rxb4 29. Qxd5 $2 (29. Ra8+ Nd8 30. R1a7 Rxb2 31. Qf4) 29... Qxd5 30. Rxd5 {[%emt 0:00:30] [#] And now Ra8+ would win.} Rxb2 $2 (30... h6 31. Ra8+ Kh7) 31. Ra8+ Nf8 32. Rc5 {[%emt 0:01:00] Weighted Error Value: White=0.79/Black=0.70} 1-0

[Event "Italian-ch Women 2022"]
[Site "Cagliari"]
[Date "2022.11.20"]
[Round "4.1"]
[White "Zimina, Olga"]
[Black "Cassi, Elisa"]
[Result "1-0"]
[ECO "A07"]
[WhiteElo "2283"]
[BlackElo "1995"]
[Annotator "TA"]
[PlyCount "63"]
[EventDate "2022.11.17"]
[EventType "tourn"]
[EventCountry "ITA"]
[SourceTitle "playchess.com"]
[Source "ChessBase"]
[SourceQuality "1"]
[TimeControl "40/6000+30:20/3000:900+30"]

1. Nf3 d5 2. g3 Nf6 3. Bg2 e6 4. O-O Be7 5. d3 O-O 6. Nbd2 Nbd7 7. e4 dxe4 8. dxe4 e5 9. Qe2 Bc5 {[%emt 0:01:15] [#] A07: Réti Opening: New York and Capablanca Systems.} 10. Nh4 $146 ({Predecessor:} 10. Nc4 Qe7 11. a4 b6 12. Nh4 Ba6 13. Bh3 Ne8 14. Nf5 Qf6 15. c3 Qc6 16. b3 Ndf6 17. Re1 {1-0 (34) Rodic Kures,G (2070)-Gackic,B (1835) Arandjelovac 1981}) 10... Re8 11. Nb3 Bf8 {[%emt 0:04:45] The position is equal.} 12. Nf5 c6 13. Bg5 a5 14. a4 h6 15. Be3 Qc7 16. g4 Nb6 17. Bd2 Bb4 18. Bxb4 axb4 (18... Bxf5 $11 19. Bxa5 Bxg4) 19. a5 $14 Nbd7 (19... Bxf5 $2 20. axb6 Bxg4 21. Qxg4 Qxb6 22. Qe2 $18) 20. h3 (20. Rfd1 {simplifies} Nf8 21. Qd2 Bxf5 22. gxf5 c5 23. Qd6) 20... Nf8 (20... Nb8 $11) 21. Qc4 $1 g6 22. Nxh6+ (22. Ne3 $14) 22... Kg7 $11 23. f4 (23. Nf5+ $5 gxf5 24. exf5 $11) 23... exf4 {[%emt 0:05:55] [#]} (23... Kxh6 24. g5+ (24. Qxb4 $2 exf4 25. e5 N6h7 $17) 24... Kh7 25. gxf6 exf4 26. Qxb4 $11) (23... Be6 24. Qxb4 exf4 25. g5 $14) (23... N8h7 $15 {stays ahead.}) 24. e5 $1 $36 {[%emt 0:09:31][%mdl 2048] White is more active.} Qxe5 (24... Ng8 $1 $14 {should be considered.}) 25. Qxf7+ (25. Nxf7 $2 Qe3+ 26. Kh2 (26. Kh1 $2 Be6 $19) 26... Qg3+ 27. Kh1 Be6 28. Qxf4 (28. Qd4 $2 Bd5 $19) 28... Qxf4 29. Rxf4 Bxf7 $19) ({Don't play} 25. Qxf4 Qxf4 26. Rxf4 N8h7 $15) 25... Kxh6 {[%emt 0:00:17] [#]} 26. Rae1 {[%emt 0:00:12][%mdl 64] Inhibits Qe3+. Skewer, Deflection} Qd6 {[%emt 0:02:20] Hoping for ...Rxe1.} 27. Rxe8 {[%emt 0:02:05] Really sharp! White is much more active.} Nxe8 28. Qxe8 {[%emt 0:00:53][%cal Ob3d2] Threatens to win with Nd2!} Ne6 $2 {[%emt 0:04:31][%mdl 8192] This costs Black the game.} (28... Kg7 $16) 29. Qh8+ Kg5 30. Bf3 {[%emt 0:00:16][%csl Gh8][%cal Rh3h4] White mates.} Ng7 31. Qxg7 Be6 32. h4+ {[%emt 0:00:17] Weighted Error Value: White=0.12 (very precise) /Black=0.51} 1-0

[Event "Italian-ch Women 2022"]
[Site "Cagliari"]
[Date "2022.11.20"]
[Round "4.2"]
[White "Brunello, Marina"]
[Black "Maione, Melissa"]
[Result "1-0"]
[ECO "B76"]
[WhiteElo "2337"]
[BlackElo "1928"]
[Annotator "TA"]
[PlyCount "104"]
[EventDate "2022.11.17"]
[EventType "tourn"]
[EventCountry "ITA"]
[SourceTitle "playchess.com"]
[Source "ChessBase"]
[SourceQuality "1"]
[TimeControl "40/6000+30:20/3000:900+30"]

1. e4 c5 2. Nf3 d6 3. d4 cxd4 4. Nxd4 Nf6 5. Nc3 g6 6. Be3 Bg7 7. f3 O-O 8. Qd2 Nc6 9. O-O-O d5 10. exd5 Nxd5 11. Nxc6 bxc6 12. Bd4 Nxc3 13. Qxc3 Bh6+ 14. Be3 Bxe3+ 15. Qxe3 Qb6 16. Qc3 {[%emt 0:08:07] B76: Sicilian Dragon: Yugoslav Attack, 9 g4 and 9 0-0-0.} Be6 17. Bc4 Bxc4 18. Qxc4 {[%emt 0:00:04] The position is equal.} Rfd8 19. Qe2 {[%emt 0:17:05] Inhibits Qe3+.} e6 {[%emt 0:07:36] [#]} 20. g4 $146 ({Predecessor:} 20. h4 Rxd1+ 21. Rxd1 Rd8 22. Rxd8+ Qxd8 23. Qf2 Qf6 24. Qxa7 Qxh4 25. Qb8+ Kg7 26. Qe5+ {0-1 (61) Moeldner,J (2248)-Hacker,J (2357) Germany 2015}) 20... Qa5 21. Kb1 Rxd1+ 22. Rxd1 $11 {[%emt 0:00:11][%mdl 4096] Endgame KQR-KQR} Rd8 23. c3 Rd5 24. Rxd5 Qxd5 {[%emt 0:02:03] KQ-KQ} 25. a4 Qd6 26. Kc2 Qf4 27. b4 h5 28. h3 h4 29. Kb3 Qg3 30. Qf1 Qe5 31. b5 c5 (31... Qd5+ $11 32. c4 Qd2) 32. Qd3 $1 $16 {[%emt 0:02:58] aiming for a5.} Qg3 $2 (32... Qc7 $16 {is a better chance.}) 33. a5 $1 $18 Qc7 (33... Qxh3 $2 34. b6 axb6 35. axb6 c4+ 36. Qxc4 (36. Kxc4 Qh2 $16) 36... Qxf3 37. Qc8+ Kg7 38. b7 Qd1+ 39. Kb4 Qd6+ 40. Kb5 Qd5+ 41. Kb6 Qd6+ 42. Qc6) 34. a6 Kf8 35. Kc4 Ke8 (35... Kg8 $142 36. Qe3 Qa5) 36. Qe3 Qa5 37. Qe5 {[%emt 0:01:42] Threatens to win with Qb8+.} Kd7 38. Kxc5 Qa3+ 39. Kd4 Qa4+ 40. Ke3 Qa1 41. Kd2 $2 (41. Qd4+ $18 Ke8 42. Kf4) 41... Qb2+ $2 (41... Qa2+ $1 $11 {and Black has nothing to worry.} 42. Ke3 Qb1) 42. Kd3 $1 {[%emt 0:43:41] And now Qd4+ would win.} Qb1+ {[%emt 0:00:00] [#]} 43. Kc4 $2 (43. Kd4 $1 $18 f6 44. Qxf6 Qxb5 45. Qxg6 Qb6+ 46. Ke5 Qd6+ 47. Ke4 Qxa6 48. Qf7+ Kd6 49. Qf4+ Kd7 50. Qf7+ Kd6 51. Qf8+ Kd7 52. Qf7+) 43... Qa2+ $1 $11 (43... Qf1+ 44. Kc5 Qxf3 45. Qd4+ Kc7 46. Qd6+ Kc8 47. Qc6+ Qxc6+ 48. Kxc6 $18) 44. Kc5 Qa3+ 45. Kd4 (45. Kc4 $11 Qa4+ 46. Kc5 Qa3+) 45... Qa4+ $1 $16 {[%emt 0:00:00] [#]} 46. Ke3 $2 {[%emt 0:00:00][%mdl 8192] White is more active.} (46. Kd3 $1 $16 {Strongly threatening Qd4+.} Qd1+ 47. Kc4 Qa4+ 48. Kc5 Qa3+) 46... Qa1 $1 $18 47. Qd4+ Ke8 48. Qd2 {[%emt 0:04:20] Against Qe1+} (48. Kf4 $142) 48... Qg1+ (48... Qa4 {was necessary.} 49. Qd3 Qa1) 49. Kd3 {[%emt 0:00:55] Hoping for Kc4.} Qb1+ $2 (49... Qc5 50. c4 e5) 50. Kc4 {[%emt 0:00:00] White is clearly winning.} Qf1+ 51. Kb4 Qb1+ 52. Kc5 Qa1 {[%emt 0:00:00] Weighted Error Value: White=0.38/Black=0.46} 1-0

[Event "Italian-ch Women 2022"]
[Site "Cagliari"]
[Date "2022.11.20"]
[Round "4.3"]
[White "Gabbani, Sara"]
[Black "Sedina, Elena"]
[Result "1/2-1/2"]
[ECO "C54"]
[WhiteElo "1844"]
[BlackElo "2197"]
[Annotator "TA"]
[PlyCount "97"]
[EventDate "2022.11.17"]
[EventType "tourn"]
[EventCountry "ITA"]
[SourceTitle "playchess.com"]
[Source "ChessBase"]
[SourceQuality "1"]
[TimeControl "40/6000+30:20/3000:900+30"]

1. e4 e5 2. Nf3 Nc6 3. Bc4 Bc5 4. c3 Nf6 5. d3 a6 6. Bb3 d6 7. Nbd2 Ba7 8. O-O h6 $1 {[%emt 0:02:24][%mdl 4] now scores much better than the old 8...0-0.} 9. Nc4 O-O 10. h3 {[%emt 0:06:18] was the old line (10.Ne3). C54: Giuoco Piano: 4 c3 Nf6, main lines with 5 d4 and 5 d3.} Be6 11. Re1 Re8 12. Ne3 Qd7 {[%emt 0:14:07] was the old line (12...d5).} 13. Bxe6 {[%emt 0:06:21] [#]} Rxe6 $146 ({Predecessor:} 13... fxe6 14. Ng4 Nxg4 15. hxg4 Qf7 16. g5 hxg5 17. Bxg5 Rf8 18. Be3 Bxe3 19. Rxe3 Ne7 {0-1 (27) Leite Oralova,C (2134)-Balajayeva,K (2348) Stary Smokovec 2018}) 14. Nf5 d5 15. Be3 Bxe3 16. Rxe3 Rd8 {[%emt 0:02:59] White should prevent ...dxe4.} 17. Qc2 Kh7 18. Ree1 g6 19. Ng3 Kg7 20. Rad1 Rd6 21. d4 dxe4 22. Nxe4 Nxe4 23. Rxe4 Qf5 24. Qe2 exd4 25. Nxd4 Qc5 26. Qe3 Nxd4 (26... Qg5 {seems wilder.} 27. Qe1 R8d7 28. a4 Nxd4 29. Rexd4 Rxd4 30. Rxd4 Rxd4 31. cxd4 h5) 27. Rexd4 {[%emt 0:00:18] The position is equal.} Rxd4 28. Rxd4 Rxd4 29. cxd4 $11 {[%emt 0:00:31][%mdl 4096] Endgame KQ-KQ} Qd5 30. a3 a5 31. a4 c6 32. Qc3 h5 33. h4 Kg8 34. g3 b6 35. Kh2 Kf8 36. Qe3 b5 37. Kg1 Qa2 38. axb5 cxb5 39. Qd2 b4 40. d5 Ke7 41. Qd4 Kd7 42. Qc5 Qxb2 43. Qc6+ Kd8 44. d6 {[%emt 0:00:00] [#] White threatens Qc7+ and mate.} Qc3 45. Qb7 {[%emt 0:00:00] White wants to mate with Qe7+.} Qe1+ 46. Kg2 {[%emt 0:00:00] Threatening mate with Qc7+.} Qe6 47. Qc7+ Ke8 48. Qb8+ Kd7 49. Qc7+ {[%emt 0:00:00] An interesting draw.  Weighted Error Value: White=0.02 (flawless) /Black=0.03 (flawless)} 1/2-1/2

[Event "Italian-ch Women 2022"]
[Site "Cagliari"]
[Date "2022.11.20"]
[Round "4.4"]
[White "Martinelli, Valeria"]
[Black "Raccanello, Marianna"]
[Result "0-1"]
[ECO "A36"]
[WhiteElo "2008"]
[BlackElo "2062"]
[Annotator "TA"]
[PlyCount "72"]
[EventDate "2022.11.17"]
[EventType "tourn"]
[EventCountry "ITA"]
[SourceTitle "playchess.com"]
[Source "ChessBase"]
[SourceQuality "1"]
[TimeControl "40/6000+30:20/3000:900+30"]

1. c4 c5 2. Nc3 Nc6 3. g3 g6 4. Bg2 Bg7 5. e3 e5 6. Nge2 Nge7 7. O-O d6 8. a3 O-O 9. b4 cxb4 10. axb4 Nxb4 11. Ba3 {[%emt 0:00:06] A36: Symmetrical English vs ...g6: 4 Bg2 Bg7.} Nec6 12. d4 exd4 {[%emt 0:00:00] [#]} 13. Nxd4 $146 {[%emt 0:00:09] White has an edge.} ({Predecessor:} 13. exd4 Bg4 14. f3 Bf5 15. d5 Ne5 16. g4 Bc2 17. Qc1 Bd3 18. c5 dxc5 19. h3 Re8 20. Rd1 Bxe2 21. Nxe2 Ned3 22. Qd2 Bxa1 23. Rxa1 Qxd5 24. f4 Rxe2 {0-1 (24) Domogaev,S (2364)-Chulivska,V (2238) Vladimir 2008}) 13... Re8 {[%emt 0:00:00][%cal Bf8e8,Be8e7,Be7d7][%mdl 32] [#]} 14. Ncb5 ({White should play} 14. Nxc6 $1 $16 Nxc6 15. Nb5) 14... Be6 (14... a5 $11) 15. Rb1 (15. Bxb4 $16 Nxb4 16. Nxe6 (16. Rxa7 Bxc4 17. Rxa8 Qxa8 $11) (16. Bxb7 Bh3 $14) 16... Rxe6 17. Rxa7 Rxa7 18. Nxa7) 15... a5 (15... Nxd4 $11 {keeps the balance.} 16. Nxd4 Bxd4) 16. Nxc6 (16. Nxe6 $16 Rxe6 17. Qd2) 16... bxc6 $14 17. Nxd6 (17. Qxd6 $2 cxb5 18. Qxd8 Raxd8 $19) 17... Re7 18. Bxb4 axb4 19. Bxc6 (19. Rxb4 $14 c5 20. Rb1) 19... Rb8 $1 $11 {[%emt 0:00:00] White must now prevent ...Qc7.} ({Much less strong is} 19... Ra6 {[#]} 20. Nf5 $1 Qc7 21. Nxe7+ Qxe7 22. Bd5 $16) 20. Kg2 $2 {[%emt 0:35:08][%mdl 8192] Now White is beyond hope.} (20. Nb5 $1 $11) 20... Qc7 $19 21. Bf3 Rd7 ({And not} 21... Bxc4 22. Nxc4 Qxc4 23. Bd5 $11) 22. c5 Qxc5 23. Ne4 Qa5 ({Avoid the trap} 23... Qf5 $2 24. Qa4 b3 25. Rfc1 $19) 24. Qe2 b3 {[%emt 0:00:00] aiming for ...b2.} 25. Rb2 (25. Rfc1 $142 b2 26. Rc2) 25... h6 {[%emt 0:00:00][%cal Of7f5] ...f5! is the strong threat.} 26. Rfb1 f5 27. Nd2 Bxb2 28. Rxb2 Qc3 {[%emt 0:00:00] Against e4} 29. Nb1 Qd3 30. Qe1 Ra7 31. Be2 (31. Rd2 $142 Qb5 32. e4) 31... Qd5+ {[%emt 0:00:14] Black is clearly winning.} 32. Bf3 Qe5 33. Qc3 Qxc3 34. Nxc3 Rc7 35. Bd5 Bxd5+ 36. Nxd5 Rc2 {[%emt 0:00:15] Weighted Error Value: White=1.01/Black=0.34} 0-1

[Event "Italian-ch Women 2022"]
[Site "Cagliari"]
[Date "2022.11.21"]
[Round "5.1"]
[White "Raccanello, Marianna"]
[Black "Zimina, Olga"]
[Result "0-1"]
[ECO "C55"]
[WhiteElo "2062"]
[BlackElo "2283"]
[Annotator "TA"]
[PlyCount "88"]
[EventDate "2022.11.17"]
[EventType "tourn"]
[EventCountry "ITA"]
[SourceTitle "playchess.com"]
[Source "ChessBase"]
[SourceQuality "1"]
[TimeControl "40/6000+30:20/3000:900+30"]

1. e4 e5 2. Nf3 Nc6 3. Bc4 Nf6 4. d3 h6 5. O-O d6 6. c3 g5 $1 {[%emt 0:00:05][%mdl 4] now scores much better than the old 6...g6. C55: Two Knights: 4 d3, 4 d4 exd4 5 e5 and Max Lange Attack.} 7. Nbd2 Bg7 8. Bb3 a5 {[%emt 0:00:06] The position is equal.} 9. a4 {[%emt 0:00:00] [#]} Nh5 $146 ({Predecessor:} 9... Qe7 10. Nc4 Be6 11. Ne3 Qd7 12. Re1 d5 13. exd5 Nxd5 14. Nxd5 Bxd5 15. Nxe5 Bxe5 {½-½ (76) Ragger,M (2670)-Shankland,S (2683) Prague 2020}) 10. Nc4 {[%emt 0:00:00][%cal Of3e5] Black should prevent Nfxe5!} Nf4 11. Ne3 Qf6 12. Nd5 (12. d4 $11) 12... Nxd5 $15 13. exd5 Ne7 14. Nd2 Qg6 15. Qe2 Bf5 16. Ne4 O-O 17. Bd2 Bd7 18. f3 (18. Ng3 $1 $15) 18... f5 $17 19. Nf2 Qf7 20. c4 Ng6 21. Bc3 b6 22. Qd2 Nf4 23. Rae1 Rae8 24. Bc2 Bf6 {[%emt 0:00:31] Black is more active.} (24... c6 $17 25. g3 Ng6) 25. g3 Ng6 {[%emt 0:01:15] White is on the road to losing.} 26. d4 (26. Kh1 $15) 26... Qg7 27. b3 exd4 28. Ba1 (28. Bb2 {was necessary.}) 28... Re3 $19 29. Nd1 Rxe1 30. Rxe1 (30. Qxe1 {was the only defense.} Re8 31. Qd2) 30... Ne5 31. Rf1 c5 32. Nb2 (32. Bb2 $142) 32... g4 33. f4 (33. fxg4 $142 Bg5 34. Qe2 Nxg4 35. Nd1) 33... Nf3+ 34. Rxf3 gxf3 35. Nd3 Qe7 {[%emt 0:03:37] [#] ...Re8 is the strong threat.} 36. Bd1 Re8 {[%emt 0:07:43][%cal Bf8e8,Be8e3,Be3e2][%mdl 32] And now ...Qe3+ would win.} ({Don't go for} 36... Qe4 $2 37. Bb2 $19) 37. Bb2 $2 (37. Kf1) 37... Qe3+ 38. Qxe3 Rxe3 39. Bc2 Re2 40. Bb1 h5 {[%emt 0:03:14][%cal Bh6h5,Bh5h4,Bh4g3][%mdl 32] [#] Strongly threatening ...h4.} 41. Bc1 h4 42. Kf1 Rxh2 {[%emt 0:00:07] Black mates.} 43. Ne1 Rh1+ 44. Kf2 hxg3+ {[%emt 0:53:53] Weighted Error Value: White=0.75/Black=0.15 (very precise)} 0-1

[Event "Italian-ch Women 2022"]
[Site "Cagliari"]
[Date "2022.11.21"]
[Round "5.2"]
[White "Sedina, Elena"]
[Black "Martinelli, Valeria"]
[Result "0-1"]
[ECO "C43"]
[WhiteElo "2197"]
[BlackElo "2008"]
[Annotator "TA"]
[PlyCount "56"]
[EventDate "2022.11.17"]
[EventType "tourn"]
[EventCountry "ITA"]
[SourceTitle "playchess.com"]
[Source "ChessBase"]
[SourceQuality "1"]
[TimeControl "40/6000+30:20/3000:900+30"]

1. e4 e5 2. Nf3 Nf6 3. d4 Nxe4 4. Bd3 d5 5. Nxe5 Nd7 6. Nc3 Nxe5 {[%emt 0:01:26] 6...Nxc3 gains popularity.} 7. dxe5 Nxc3 8. bxc3 {[%emt 0:00:06] [#]} Qe7 $146 {[%emt 0:10:28] C43: Petroff Defence: 3 d4.} ({Predecessor:} 8... Be7 9. O-O O-O 10. f4 f5 11. Be3 c6 12. a4 b6 13. Kh1 Be6 14. Be2 Bc5 15. Bd4 Qe7 16. Qd2 Kh8 17. Qe3 {½-½ (36) Sevian,S (2684)-Nyzhnyk,I (2686) Chess.com INT 2022}) 9. O-O Bd7 10. a4 (10. Rb1 $5 ) 10... Qe6 {[%emt 0:15:13] White is slightly better.} 11. Be3 Be7 12. f4 f5 13. Be2 c5 14. Bf3 Bc6 15. Rf2 O-O-O 16. Rd2 h6 (16... g5 $11) 17. g4 $2 {[%emt 0:02:18] [#]} (17. Qe1 $14 {keeps the upper hand.}) 17... g6 ({Black should play} 17... Rhf8 $1 $17) 18. h3 (18. gxf5 $11 {remains equal.} gxf5 19. Kh1) 18... Rhg8 (18... Kb8 $17 19. Qe2 g5) 19. Kh2 h5 20. gxf5 (20. gxh5 $15 gxh5 21. Qf1 (21. Bxh5 $2 d4 $19)) 20... gxf5 ({Black should try} 20... Qxf5 $17 {And now ...g5 would win.} 21. Rxd5 g5 22. Rxd8+ Rxd8) 21. Qf1 $15 (21. Bxh5 d4 22. cxd4 cxd4 23. Bxd4 Qh6 $19) 21... Bh4 {[%emt 0:03:20] [#] Against Qf2. Hoping for ...Bg3+.} ({Of course not} 21... Qg6 22. Rg2 Qe6 23. Rd1 $14 (23. Bxh5 $2 Rxg2+ 24. Qxg2 d4 $19)) 22. Rg2 {[%emt 0:04:48] Inhibits Bg3+.} ({Reject} 22. Bxc5 Bg3+ 23. Kh1 Bxf4 $17) (22. Rad1 $1 $11 {keeps the balance.}) 22... d4 23. cxd4 {[%emt 0:00:04] Loses the game.} (23. Bxc6 $1 $15 dxe3 24. Rxg8 Rxg8 25. Bf3) 23... cxd4 $19 24. Bd2 Rxg2+ 25. Qxg2 Rg8 26. Qe2 (26. Qf1 {is the only way for White.} Bg3+ 27. Kh1) 26... Qg6 {[%emt 0:00:52] ( -> ...Qg3+)} 27. Bxc6 $2 (27. Kh1 Be4 28. Bxe4 fxe4 29. f5) 27... Bg3+ ({Weaker is} 27... bxc6 28. Kh1 $11) (27... Qxc6 28. Be1 Bd8 29. Ra3 $11) 28. Kg1 Bf2+ {[%emt 0:00:43] Weighted Error Value: White=0.83/Black=0.25 (precise)} 0-1

[Event "Italian-ch Women 2022"]
[Site "Cagliari"]
[Date "2022.11.21"]
[Round "5.3"]
[White "Maione, Melissa"]
[Black "Gabbani, Sara"]
[Result "1/2-1/2"]
[ECO "C48"]
[WhiteElo "1928"]
[BlackElo "1844"]
[Annotator "TA"]
[PlyCount "62"]
[EventDate "2022.11.17"]
[EventType "tourn"]
[EventCountry "ITA"]
[SourceTitle "playchess.com"]
[Source "ChessBase"]
[SourceQuality "1"]
[TimeControl "40/6000+30:20/3000:900+30"]

1. e4 e5 2. Nf3 Nf6 3. Nc3 Nc6 4. Bb5 Nd4 5. Bc4 Bc5 6. O-O {[%emt 0:01:38] C48: Four Knights: 4 Bb5, replies other than 4...Bb4.} (6. Nxe5 {keeps more tension.} Qe7 7. Nf3 d5 8. Bxd5 Nxd5 9. Nxd4 Nxc3 10. dxc3 Qxe4+ 11. Qe2) 6... d6 7. h3 O-O 8. d3 a6 9. a4 h6 {[%emt 0:01:27] [#]} 10. Nd5 $146 ({Predecessor:} 10. Nxd4 Bxd4 11. Ne2 Ba7 12. Ng3 c6 13. Qe2 d5 14. Bb3 Re8 15. Be3 Bxe3 16. fxe3 {½-½ (27) Smagin,S (2551)-Lysyj,I (2596) Sochi 2019}) 10... Nxd5 11. Bxd5 c6 12. Ba2 Qf6 13. Nxd4 Bxd4 14. c3 Ba7 15. Kh2 Be6 (15... Bxf2 16. Qe2) (15... Bxf2 $2 16. Qe2 $18) 16. f4 Bxa2 17. Rxa2 Qe6 18. b3 {[%emt 0:03:03] The position is equal.} f5 19. Re2 Rae8 20. fxe5 dxe5 21. exf5 Rxf5 22. Rxf5 Qxf5 23. Re4 Rd8 {[%emt 0:05:17] [#] And now ...Qxe4 would win.} 24. Qe2 Kh8 25. Be3 Bxe3 26. Qxe3 $11 {[%emt 0:00:32][%mdl 4096] Endgame KQR-KQR} Qd7 27. d4 exd4 28. Rxd4 Qc7+ 29. Kh1 Rxd4 30. Qxd4 Qa5 31. Qe3 Qd5 {[%emt 0:01:32] An even fight not without its subleties.   Weighted Error Value: White=0.06 (flawless) /Black=0.05 (flawless)} 1/2-1/2